 Dungeon Crawl Stone Soup version 0.30-a0-263-ge22c4ad894 (webtiles) character file.

Game seed: 1129912154793049945

4706 ytrimaz the Transmogrifier (level 10, -2/85 (87) HPs)
             Began as an Octopode Transmuter on Oct 13, 2022.
             Slain by an orc knight
             ... wielding a +0 halberd
              (9 damage)
             ... in a bailey.
             The game lasted 00:12:34 (8588 turns).

ytrimaz the Transmogrifier (Octopode Transmuter)    Turns: 8588, Time: 00:12:35

HP:   -2/85 (87)    AC: 29    Str: 10    XL:     10   Next: 45%
MP:   20/20         EV:  2    Int: 19    God:
Gold: 478           SH:  0    Dex: 19    Spells: 13/23 levels left

rFire   + . .      SeeInvis +      - Unarmed
rCold   . . .      Faith    .    (no shield)
rNeg    + . .      Spirit   .    (helmet currently unavailable)
rPois   +          Reflect  .    (no amulet)
rElec   .          Harm     .    h - +4 ring of protection
rCorr   +          Rampage  .    a - ring of see invisible
Will    +....      NoTele   +    q - ring of positive energy
Stlth   ++........               p - ring of resist corrosion
HPRegen 0.34/turn                s - ring of willpower
MPRegen 0.17/turn                f - +6 ring of dexterity
                                 n - ring of protection from fire
                                 (no ring)

@: tree-form, wereblooded, hasted, lightly drained, very quick
A: stationary, stasis, torment immunity, boosted hp, almost no armour,
(amphibious), 8 rings, (camouflage 1), (gelatinous body 1), (nimble swimmer 1),
(tentacles)
a: no special abilities


You were in a bailey.
You were a tree.
You visited 2 branches of the dungeon, and saw 9 of its levels.
You also visited: Bailey.

You collected 478 gold pieces.


Innate Abilities, Weirdness & Mutations

You are a tree.
Your roots penetrate the ground, keeping you stationary.
You cannot be teleported.
You are immune to unholy pain and torment.
Your maximum health is greatly increased.
You cannot wear most types of armour.
((You are amphibious.))
You can wear up to eight rings at the same time.
((Your skin changes colour to match your surroundings (Stealth+).))
((Your rubbery body absorbs attacks. (AC +1, EV +1)))
((You are camouflaged when in or above water. (Stealth+)))
((You have tentacles for arms and can constrict up to eight enemies at once.))


   Skills:
 - Level 1.0 Fighting
 - Level 2.0 Dodging
 - Level 3.0 Unarmed Combat
 + Level 7.1 Spellcasting
 - Level 12.0 Transmutations
 - Level 4.0 Ice Magic
 - Level 4.0 Poison Magic


You had 13 spell levels left.
You knew the following spells:

 Your Spells              Type           Power      Damage    Failure   Level
a - Beastly Appendage     Tmut           100%       N/A       1%          1
b - Wereblood             Tmut           51%        N/A       1%          2
c - Spider Form           Tmut/Pois      37%        N/A       1%          3
d - Ice Form              Ice/Tmut       37%        N/A       3%          4

Your spell library contained the following spells:

 Spells                   Type           Power      Damage    Failure   Level
 Ensorcelled Hibernation  Hex/Ice        28%        N/A       7%          2
 Apportation              Tloc           12%        N/A       10%         1
 Magic Dart               Conj           24%        1d4       10%         1
 Necrotise                Necr           24%        1d5       10%         1
 Summon Small Mammal      Summ           24%        N/A       10%         1
 Call Imp                 Summ           6%         N/A       16%         2
 Searing Ray              Conj           12%        2d4       16%         2
 Mephitic Cloud           Conj/Pois/Air  11%        N/A       17%         3
 Gell's Gravitas          Tloc           6%         N/A       30%         3
 Teleport Other           Tloc           6%         N/A       30%         3
 Anguish                  Hex/Necr       3%         N/A       69%         4
 Fulminant Prism          Conj/Hex       3%         3d6       69%         4
 Dispersal                Tloc           3%         N/A       100%        6

Inventory:

Missiles
 i - 3 throwing nets (quivered)
Jewellery
 a - a ring of see invisible (right branch)
   (You took it off a hobgoblin on level 3 of the Dungeon)
 b - an amulet of faith
   (You found it on level 6 of the Dungeon)
 f - a +6 ring of dexterity (on tentacle)
   (You found it on level 6 of the Dungeon)
 g - a ring of ice
   (You found it on level 6 of the Dungeon)
 h - a +4 ring of protection (left branch)
   (You found it on level 3 of the Dungeon)
 n - a ring of protection from fire (on tentacle)
   (You found it on level 7 of the Dungeon)
 p - a ring of resist corrosion (on tentacle)
   (You took it off a kobold on level 4 of the Dungeon)
 q - a ring of positive energy (on tentacle)
   (You found it on level 4 of the Dungeon)
 s - a ring of willpower (on tentacle)
   (You found it on level 5 of the Dungeon)
Wands
 k - a wand of paralysis (8)
   (You found it on level 3 of the Dungeon)
 l - a wand of flame (28)
   (You found it on level 3 of the Dungeon)
Scrolls
 j - a scroll of vulnerability
 r - 2 scrolls of butterflies
 w - a scroll of magic mapping
Potions
 e - 2 potions of resistance
 m - a potion of brilliance
 o - 5 potions of mutation
 t - a potion of lignification

Dungeon Overview and Level Annotations

Branches:
Dungeon (8/15) Zot: 26396  Temple (1/1) D:5 Zot: 5842  Bailey (1/1) Zot: 5472
   Lair: D:8-11

Altars:
Cheibriados
Dithmenos
Elyvilon
Fedhas
Gozag
Hepliaklqana
Kikubaaqudgha
Makhleb
Nemelex Xobeh
Okawaru
Qazlal
Ru
Sif Muna
Trog
Uskayaw
Vehumet
Wu Jian
Xom
Yredelemnul
Zin
The Shining One

Shops:
D:1 = D:2

[ #'# ### ##### ###
### #.###)###.#g#
.#
##'##'##'###+##'##+
##.....## ..!.!#
###.....### .!.!.#
#.'..⌠.)'.# !.⌠.!+
###.....### g!.!.#
#.....## ##!o!.!#
+##+##♣###'#
##oog## #####


You could see an orc knight, a gnoll and an orc (strong).


Message History

The gnoll is wielding a +2 halberd of electrocution.
The orc knight shouts!
You hear a shout!
The orc knight roars a battlecry!
The gnoll shouts!
Unknown command.
An orc comes into view. It is wielding a +0 spear.
The gnoll hits you but does no damage.
There is an open door here.
Unknown command.
You warm up again.
You see here a +1 halberd of electrocution. 😎 HP[-11]
You now have 57 max hp (-11).
You feel yourself speed up. The gnoll completely misses you.
Casting: Ice Form (dangerous; 3% risk of failure)
Confirm with . or Enter, or press ? or * to list all spells.
You turn into a creature of crystalline ice.
The gnoll barely misses you. 😎 HP[+11] MP[-4]
You now have 68 max hp (+11).
Your hp is fully restored (68).
You lost 4 mp, and now have 16/20 mp.
There is an open door here.
Casting: Ice Form (dangerous; 3% risk of failure)
Confirm with . or Enter, or press ? or * to list all spells.
Your blood is infused with primal strength. 😎 MP[-2]
You lost 2 mp, and now have 14/20 mp.
Unknown command.
Unknown command.
There is an open door here.
You punch the gnoll! You freeze the gnoll.
You kill the gnoll!
You howl as the wereblood boils in your veins!
The orc knight barely misses you.
Things that are here:
a +7 halberd of electrocution; a potion of heal wounds; a +1 halberd of electrocution Unknown command.
There is an open door here.
Okay, then.
Unknown command.
You barely miss the orc knight. The orc hits you but does no damage.
The gnoll hits you from afar with a +2 halberd of electrocution!
You are electrocuted!
The orc knight hits you but does no damage. 😮 HP[-24] MP[+1]
You take 24 damage, and now have 44/68 hp.
MASSIVE DAMAGE!! (PAUSE) It was a potion of magic.
Magic courses through your body.
The orc hits you from afar with a +0 spear.
The gnoll barely misses you.
The orc knight barely misses you. 😮 HP[-2] MP[+5]
You take 2 damage, and now have 42/68 hp.
Your mp is fully restored (20).
Okay, then.
Okay, then.
Unknown command.
Unknown command.
Things that are here:
a +7 halberd of electrocution; a potion of heal wounds; a +1 halberd of electrocution 😮 HP[+1]
There is an open door here.
You howl as the wereblood boils in your veins!
You howl as the wereblood boils in your veins!
There is an open door here.
The orc knight roars a battlecry! 😮 HP[+1]
There is an open door here.
Really quaff the potion of lignification?
You warm up again.
You turn into a tree.
Your roots penetrate the ground.
The orc knight hits you with a +0 halberd!
* * * LOW HITPOINT WARNING * * *
😨 HP[-6]
You now have 85 max hp (+17).
Unknown command.
You smack the orc knight!
The orc hits you from afar with a +0 spear.
* * * LOW HITPOINT WARNING * * *
The orc knight hits you with a +0 halberd!
* * * LOW HITPOINT WARNING * * *
😱 HP[-18]
You take 18 damage, and now have 20/85 hp.
MASSIVE DAMAGE!! (PAUSE)
You hit the orc knight.
Unknown command.
Okay, then.
Throw: 4 throwing nets
Press: ? - help, Q - select action, (/) - cycle Shift-Dir - straight line, f - orc knight
Aim: an orc knight, wielding a +0 halberd (moderately wounded, 51% to hit)
You throw a throwing net.
The throwing net barely misses the orc knight.
The orc hits you but does no damage.
The orc knight hits you with a +0 halberd!
* * * LOW HITPOINT WARNING * * *
😱 HP[-13]
You take 13 damage, and now have 7/85 hp.
Unknown command.
You barely miss the orc knight. The orc barely misses you.
The orc knight hits you with a +0 halberd!
You die...

Skill      XL: |  1  2  3  4  5  6  7  8  9 10 |
---------------+-------------------------------+-----
Poison Magic   | 1 2 4 |  4.0
Ice Magic      | 1 2 4 |  4.0
Transmutations | 4 6 9 12 | 12.0
Spellcasting   | 4 7 |  7.1
Fighting       | |  1.0
Dodging        | |  2.0
Unarmed Combat | |  3.0

Action                   |  1- 3 |  4- 6 |  7- 9 | 10-12 || total
-------------------------+-------+-------+-------+-------++-------
Melee: Unarmed           |    61 |   125 |   258 |   170 ||   614
       Constrict         |    15 |    25 |     1 |     2 ||    43
       Tentacles         |    11 |    25 |     2 |     1 ||    39
       Kick              |     3 |       |       |       ||     3
       Punch             |       |     2 |     1 |     1 ||     4
Throw: Throwing net      |       |       |       |     1 ||     1
 Cast: Beastly Appendage |     4 |     2 |       |       ||     6
       Spider Form       |       |     4 |     4 |       ||     8
       Ice Form          |       |     1 |    22 |    18 ||    41
       Wereblood         |       |       |     6 |     3 ||     9
Evoke: Wand              |       |       |     1 |       ||     1
  Use: Scroll            |     2 |     4 |     9 |     2 ||    17
       Potion            |       |     1 |    12 |     4 ||    17
 Stab: Sleeping          |     5 |     3 |       |     2 ||    10
       Paralysed         |       |       |     2 |       ||     2
       Distracted        |       |       |       |     1 ||     1
Armor: Skin              |     1 |    40 |   159 |    77 ||   277
Dodge: Dodged            |    25 |    90 |   184 |    99 ||   398

Levels and vault maps discovered:
D:1:      lordsloth_arrival_two_stooges, layout_loops_cross, serial_shops,
          nicolae_shop_trees, dreamdust_ecumenical_altar_hidden_monk_grotto
D:2:      layout_loops_cross, serial_shops, nicolae_shop_trees, uniq_jessica
D:3:      layout_rooms
D:4:      layout_basic, nicolae_overflow_squiral, uniq_blork_the_orc
D:5:      layout_basic, nicolae_overflow_hidden_temple,
          minmay_temple_entry_arrows, uniq_eustachio
D:6:      black_bear_nest_2, layout_rooms, xom_redecorated,
          mainiacjoe_overflow_small_starburst
D:7:      minmay_octagon_keep, layout_basic, lemuel_doored_altar,
          minmay_fractal_squares_5, uniq_pikel
D:8:      layout_basic, old_standard_altar, mainiacjoe_overflow_six_doors_small,
          zin_scriptorium, kennysheep_little_box, enter_bailey_4,
          serial_park_tiny_pond
Temple:   hellmonk_temple_flake
Bailey:   bailey_polearm_nasty_gnolls, bailey

Notes
Turn   | Place    | Note
-------+----------+-------------------------------------------
     0 | D:1      | ytrimaz the Octopode Transmuter began the quest for the
                  | Orb.
     0 | D:1      | Reached XP level 1. HP: 13/13 MP: 3/3
     0 | D:1      | magus.rc [v1.9.6]
    29 | D:1      | You pick up a book of Conjurations and begin reading...
    29 | D:1      | You add the spells Magic Dart, Searing Ray and Fulminant
                  | Prism to your library.
    46 | D:1      | Reached skill level 1 in Poison Magic
    71 | D:1      | Reached skill level 1 in Ice Magic
    71 | D:1      | Reached XP level 2. HP: 13/18 MP: 5/5
   105 | D:1      | You pick up a book of Dreams and begin reading...
   105 | D:1      | You add the spells Ensorcelled Hibernation and Anguish to
                  | your library.
   221 | D:1      | You pick up a book of Minor Magic and begin reading...
   221 | D:1      | You add the spells Call Imp and Mephitic Cloud to your
                  | library.
   277 | D:1      | Reached skill level 2 in Poison Magic
   623 | D:1      | Found a faded altar of an unknown god.
   749 | D:1      | Found Kakhesyqi's Jewellery Boutique.
   956 | D:2      | Found Remet's Antique Armour Boutique.
   995 | D:2      | Reached XP level 3. HP: 10/23 MP: 6/6
  1193 | D:2      | Noticed Jessica
  1197 | D:2      | Killed Jessica
  1198 | D:2      | Reached skill level 3 in Poison Magic
  1258 | D:2      | Reached skill level 4 in Poison Magic
  1258 | D:2      | Reached XP level 4. HP: 19/28 MP: 5/7
  1743 | D:3      | Reached skill level 2 in Ice Magic
  1859 | D:3      | Reached XP level 5. HP: 21/33 MP: 8/8
  2000 | D:3      | Learned a level 2 spell: Wereblood
  2004 | D:3      | Learned a level 3 spell: Spider Form
  2094 | D:3      | Reached skill level 3 in Ice Magic
  2103 | D:3      | Reached skill level 4 in Ice Magic
  2715 | D:4      | Reached XP level 6. HP: 38/38 MP: 5/9
  2891 | D:4      | You pick up a book of Cantrips and begin reading...
  2891 | D:4      | You add the spells Necrotise, Summon Small Mammal and
                  | Apportation to your library.
  3046 | D:4      | Found a hide-covered altar of Uskayaw.
  3048 | D:4      | Found a basalt altar of Yredelemnul.
  3048 | D:4      | Noticed Blork the orc
  3061 | D:4      | Killed Blork the orc
  3062 | D:4      | Reached skill level 3 in Transmutations
  3128 | D:4      | Learned a level 4 spell: Ice Form
  3342 | D:5      | Entered Level 5 of the Dungeon
  3373 | D:5      | Found a staircase to the Ecumenical Temple.
  3386 | D:5      | Noticed a water moccasin
  3391 | Temple   | Entered the Ecumenical Temple
  3561 | D:5      | Killed a water moccasin
  3562 | D:5      | Reached skill level 4 in Transmutations
  3562 | D:5      | Reached XP level 7. HP: 39/43 MP: 7/11
  3642 | D:5      | Reached skill level 5 in Transmutations
  3684 | D:5      | Reached skill level 6 in Transmutations
  3945 | D:5      | Reached XP level 8. HP: 48/48 MP: 9/12
  4079 | D:5      | Noticed Eustachio
  4102 | D:5      | Killed Eustachio
  4103 | D:5      | Reached skill level 7 in Transmutations
  4458 | D:5      | Reached skill level 8 in Transmutations
  4598 | D:5      | Found an ancient bone altar of Kikubaaqudgha.
  4845 | D:6      | Reached skill level 9 in Transmutations
  4957 | D:6      | Found a snail-covered altar of Cheibriados.
  5110 | D:6      | Reached XP level 9. HP: 44/53 MP: 10/13
  5236 | D:6      | Found a shimmering altar of Xom.
  5306 | D:6      | Found a shimmering altar of Xom.
  5306 | D:6      | Found a shimmering altar of Xom.
  5306 | D:6      | Found a shimmering altar of Xom.
  5325 | D:6      | Found a shimmering altar of Xom.
  5327 | D:6      | Found a shimmering altar of Xom.
  5376 | D:6      | Reached skill level 10 in Transmutations
  5654 | D:6      | You add the spells Gell's Gravitas, Teleport Other and
                  | Dispersal to your library.
  5982 | D:7      | Reached skill level 11 in Transmutations
  6006 | D:7      | Noticed Pikel
  6013 | D:7      | Killed Pikel
  6014 | D:7      | Reached skill level 12 in Transmutations
  6014 | D:7      | Reached skill level 3 in Spellcasting
  6019 | D:7      | HP: 9/63 [ogre/+0 giant club (26)]
  6024 | D:7      | HP: 4/79 [iguana (10)]
  6072 | D:7      | HP: 1/63 [orc wizard/puff of flame (19)]
  6074 | D:7      | Reached skill level 4 in Spellcasting
  6481 | D:7      | Found an ornate altar of the Wu Jian Council.
  6500 | D:7      | HP: 10/53 [steam dragon] (8)]
  6505 | D:7      | HP: 4/53 [orc wizard/+0 dagger (2)]
  6771 | D:7      | Reached XP level 10. HP: 58/58 MP: 12/16
  7095 | D:7      | Reached skill level 5 in Spellcasting
  7213 | D:7      | Identified the +2 ring mail of Trial and Error {rElec
                  | Regen+}
  7305 | D:7      | Reached skill level 6 in Spellcasting
  7514 | D:8      | Found an opulent altar of Gozag.
  7702 | D:8      | Found a blossoming altar of Fedhas.
  7709 | D:8      | Identified the +7 scale mail of the Game of Kings {*Corrode
                  | rF+ MP+9 Dex+3}
  7812 | D:8      | HP: 13/69 [orc priest/divine providence (12)]
  7814 | D:8      | HP: 3/69 [orc priest/divine providence (11)]
  7818 | D:8      | Found a glowing silver altar of Zin.
  8014 | D:8      | Found a flagged portal.
  8030 | D:8      | Reached skill level 7 in Spellcasting
  8052 | Bailey   | Entered a bailey
  8562 | Bailey   | Noticed an orc knight
  8585 | Bailey   | HP: 20/85 [orc knight/+0 halberd (14)]
  8587 | Bailey   | HP: 7/85 [orc knight/+0 halberd (13)]
  8588 | Bailey   | Slain by an orc knight

Vanquished Creatures
  Pikel (D:7)
  Eustachio (D:5)
  2 wyverns
  2 steam dragons (D:7)
  4 water moccasins
  2 orc warriors (D:8)
  3 ice beasts
  3 black bears
  A sky beast (D:6)
  3 ogres
  A phantom (D:6)
  3 kobold brigands
  Blork the orc (D:4)
  A bullfrog (D:7)
  5 scorpions
  A necrophage (D:6)
  5 wights (D:6)
  A jelly (D:7)
  6 hounds
  4 orc priests
  2 gnoll boudas
  Jessica (D:2)
  7 orc wizards
  5 iguanas
  15 gnolls
  6 adders
  3 shadow imps
  2 white imps
  An ufetubus (D:7)
  2 worms
  2 dart slugs
  25 orcs
  6 endoplasms
  2 giant cockroaches
  6 goblins
  7 hobgoblins
  5 quokkas
  6 ball pythons
  3 frilled lizards
  10 kobolds
  5 rats
171 creatures vanquished.

Table legend:
 A = Non-vault XP
 B = Vault XP
 C = Vault XP percentage of total XP
 D = Non-vault monster count
 E = Vault monster count
 F = Vault count percentage of total count
                 A         B        C        D         E       F
            +---------+---------+-------+---------+---------+-------
      Total |    4143 |    2580 |  38.4 |     133 |      38 |  22.2
            +---------+---------+-------+---------+---------+-------
        D:1 |      28 |       0 |   0.0 |      17 |       0 |   0.0
        D:2 |      45 |      37 |  45.1 |      10 |       1 |   9.1
        D:3 |     191 |       0 |   0.0 |      23 |       0 |   0.0
        D:4 |      78 |      96 |  55.2 |      14 |       1 |   6.7
        D:5 |    1074 |     203 |  15.9 |      20 |       1 |   4.8
        D:6 |    1162 |     136 |  10.5 |      21 |       1 |   4.5
        D:7 |     749 |    1997 |  72.7 |      11 |      20 |  64.5
        D:8 |     816 |       2 |   0.2 |      17 |       1 |   5.6
     Bailey |       0 |     109 | 100.0 |       0 |      13 | 100.0
            +---------+---------+-------+---------+---------+-------

Illustrated notes

Table legend:
 A = Kills in this place as a percentage of kills in entire the game.
 B = Kills by you in this place as a percentage of kills by you in the entire game.
 C = Kills by friends in this place as a percentage of kills by friends in the entire game.
 D = Other kills in this place as a percentage of other kills in the entire game.
 E = Experience gained in this place as a percentage of experience gained in the entire game.
 F = Experience gained in this place divided by the number of levels of this place that you have seen.
                   A       B       C       D       E      F
               +-------+-------+-------+-------+-------+----------------------
         Total | 100.0 | 100.0 |   N/A |   N/A | 100.0 | 672.3
       Dungeon |  92.4 |  92.4 |   N/A |   N/A |  98.4 | 826.8
        Bailey |   7.6 |   7.6 |   N/A |   N/A |   1.6 | 109.0
               +-------+-------+-------+-------+-------+----------------------

Table legend: (Time is in decaauts)
 A = Elapsed time spent in this place.
 B = Non-inter-level travel time spent in this place.
 C = Inter-level travel time spent in this place.
 D = Time resting spent in this place.
 E = Time spent auto-exploring this place.
 F = Levels seen in this place.
 G = Mean time per level.
                   A        B        C        D        E       F      G
               +--------+--------+--------+--------+--------+-----+--------+
         Total |   8547 |   8293 |    254 |    806 |   5706 |  10 |  854.7 |
       Dungeon |   7862 |   7617 |    245 |    514 |   5524 |   8 |  982.8 |
        Temple |    157 |    148 |      9 |      0 |    135 |   1 |  157.0 |
        Bailey |    527 |    527 |      0 |    292 |     47 |   1 |  527.0 |
               +--------+--------+--------+--------+--------+-----+--------+

Top non-repeatable levels by time:
     D:7: 1595 daAuts
     D:5: 1289 daAuts
     D:6: 1043 daAuts
     D:4: 956 daAuts
     D:1: 869 daAuts
     D:2: 790 daAuts
     D:3: 713 daAuts
     D:8: 603 daAuts
  Bailey: 527 daAuts
  Temple: 157 daAuts
